 Dungeon Crawl Stone Soup version 0.28.0-45-g0d030f2227 (webtiles) character file.

Game seed: 17463544311530241484

2566 101zpm the Magician (level 9, -18/66 HPs)
             Began as a Gnoll Air Elementalist on Apr 21, 2022.
             Demolished by an orc knight
             ... wielding a +0 glaive
              (23 damage)
             ... in a bailey on Apr 22, 2022.
             The game lasted 00:31:19 (10589 turns).

101zpm the Magician (Gnoll Air Elementalist)       Turns: 10589, Time: 00:31:19

Health: -18/66     AC:  7    Str: 20    XL:     9   Next: 57%
Magic:  1/19       EV: 14    Int: 19    God:
Gold:   296        SH:  0    Dex: 12    Spells: 5/21 levels left

rFire   + . .      SeeInvis .   i - +7 dagger "Vofor" {speed, rElec}
rCold   + . .      Faith    .   (no shield)
rNeg    + + .      Spirit   .   d - +1 robe {rC+ rF+}
rPois   .          Reflect  .   v - +0 helmet of Lightning Storm {rN++}
rElec   +          Harm     .   (no cloak)
rCorr   .          Rampage  .   (no gloves)
Will    .....                   c - +2 pair of boots
Stlth   +++.......              (no amulet)
HPRegen 0.21/turn               n - +6 ring of strength
MPRegen 0.16/turn               p - +6 ring of strength

@: swift, quick
A: fangs 1, strong nose, distributed training
a: no special abilities


You were in a bailey.
You visited 1 branch of the dungeon, and saw 8 of its levels.
You also visited: Bailey.

You collected 296 gold pieces.

Inventory:

Hand Weapons
 e - a +0 whip of flaming
 i - the +7 dagger "Vofor" (weapon) {speed, rElec}
   (You took it off a goblin on level 2 of the Dungeon)

   Attacks with this weapon are significantly faster.
   rElec:     It insulates you from electricity.
Missiles
 q - a throwing net
Armour
 a - a +0 robe
 c - a +2 pair of boots (worn)
 d - a +1 robe of resistance (worn)
 v - the +0 helmet of Lightning Storm (worn) {rN++}
   (You found it on level 6 of the Dungeon)

   rN:        It greatly protects you from negative energy.
Jewellery
 j - a ring of wizardry
 n - a +6 ring of strength (left hand)
 p - a +6 ring of strength (right hand)
 u - a ring of resist corrosion
Wands
 y - a wand of paralysis (9)
Scrolls
 b - a scroll of fog
 f - a scroll of silence
 g - 3 scrolls of teleportation
 l - 2 scrolls of enchant weapon
 o - 2 scrolls of vulnerability
 s - a scroll of holy word
 w - a scroll of enchant armour
 x - a scroll of identify
Potions
 h - 12 potions of degeneration
 k - a potion of mutation {unknown}
 m - a potion of curing {unknown}
 r - a potion of cancellation {unknown}
 t - a potion of flight {unknown}


   Skills:
 + Level 4.3 Fighting
 + Level 4.3 Short Blades
 + Level 4.3 Long Blades
 + Level 4.3 Axes
 + Level 4.3 Maces & Flails
 + Level 4.3 Polearms
 + Level 4.3 Staves
 + Level 4.3 Slings
 + Level 4.3 Bows
 + Level 4.3 Crossbows
 + Level 4.3 Throwing
 + Level 4.3 Armour
 + Level 6.4 Dodging
 + Level 6.1 Stealth
 + Level 4.3 Shields
 + Level 4.3 Unarmed Combat
 + Level 6.7 Spellcasting
 + Level 4.2 Conjurations
 + Level 3.6 Hexes
 + Level 3.6 Summonings
 + Level 3.6 Necromancy
 + Level 3.6 Translocations
 + Level 3.6 Transmutations
 + Level 3.6 Fire Magic
 + Level 3.6 Ice Magic
 + Level 6.6 Air Magic
 + Level 3.6 Earth Magic
 + Level 3.6 Poison Magic
 + Level 4.8 Invocations
 + Level 4.3 Evocations


You had 5 spell levels left.
You knew the following spells:

 Your Spells              Type           Power      Damage    Failure   Level
a - Shock                 Conj/Air       100%       1d9       1%          1
b - Static Discharge      Conj/Air       27%        N/A       1%          2
c - Swiftness             Air            31%        N/A       1%          3
d - Airstrike             Air            15%        N/A       7%          4
e - Tukima's Dance        Hex            20%        N/A       7%          3
f - Beastly Appendage     Tmut           40%        N/A       2%          1
g - Wereblood             Tmut           20%        N/A       3%          2

Your spell library contained the following spells:

 Spells                   Type           Power      Damage    Failure   Level
 Spider Form              Tmut/Pois      20%        N/A       7%          3
 Passage of Golubria      Tloc           20%        N/A       24%         4
 Yara's Violent Unravell  Hex/Tmut       10%        3d6       54%         5


Dungeon Overview and Level Annotations

Branches:
Dungeon (8/15)             Temple (0/1) D:4            Lair (0/6) D:8
 Bailey (1/1)

Altars:
Ru
Xom

Shops:
D:1 [


Innate Abilities, Weirdness & Mutations

You have very sharp teeth.
Your uncanny sense of smell can sniff out nearby items.
Your experience applies equally to all skills.


Message History

Casting: Airstrike (dangerous; 7% risk of failure)
Confirm with . or Enter, or press ? or * to list all spells.
Okay, then.
Casting: Airstrike (dangerous; 7% risk of failure)
Confirm with . or Enter, or press ? or * to list all spells.
You feel quick.
Things that are here:
a +0 halberd; a +0 scale mail
There is a gate leading back out of this place here.
Casting: Swiftness (safe; 1% risk of failure)
Confirm with . or Enter, or press ? or * to list all spells.
Aiming: Airstrike (dangerous; 7% risk of failure)
Press: ? - help, Dir - move target, f - orc knight
Aim: an orc knight, wielding a +0 glaive and wearing a +0 ring mail (empty space bonus: 8/8)
The air twists around and strikes the orc knight!
The orc knight is moderately wounded.
Casting: Airstrike (dangerous; 7% risk of failure)
Confirm with . or Enter, or press ? or * to list all spells.
Aiming: Airstrike (dangerous; 7% risk of failure)
Press: ? - help, Dir - move target, f/p - orc knight
Aim: an orc knight, wielding a +0 glaive and wearing a +0 ring mail (moderately wounded, empty space bonus: 8/8)
The air twists around and strikes the orc knight!
The orc knight is heavily wounded.
Aiming: Shock (safe; 1% risk of failure)
Press: ? - help, Q - select action, (/) - cycle Shift-Dir - straight line, f/p - orc knight
Aim: an orc knight, wielding a +0 glaive and wearing a +0 ring mail (heavily wounded, 67% to hit)
The zap hits the orc knight.
The orc knight is heavily wounded.
The orc knight hits you from afar with a +0 glaive!
You are too injured to fight recklessly!
You puncture the orc knight!
The orc knight is severely wounded.
The orc knight hits you with a +0 glaive!!
* * * LOW HITPOINT WARNING * * *
You hit the orc knight.
The orc knight is severely wounded.
You closely miss the orc knight.
The orc knight is severely wounded.
The orc knight hits you with a +0 glaive!!
You die...

####### ####
......## ##∩∩#
≈≈≈≈≈..## #..##
)...≈≈..## ##@.#
###..≈≈..######.o##
##..≈≈........).#
∆∆∆##..≈≈≈≈≈≈≈≈≈).#
##.....)....≈.#
##########.≈.#
#.$$$.##)).#
#.$.##..≈.#
##.##..≈≈.#


You could see an orc knight.

Vanquished Creatures
  Menkaure (D:6)
  An acid dragon (D:6)
  A water moccasin (D:6)
  3 orc warriors
  A sky beast (D:8)
  A black bear (D:4)
  An ice beast (D:4)
  2 ogres
  2 necrophages
  A centaur (D:5)
  A phantom (D:4)
  A kobold brigand (D:6)
  A bullfrog (D:6)
  A gnoll sergeant (D:6)
  4 scorpions
  A wyvern skeleton (D:5)
  A howler monkey (D:6)
  A gnoll shaman (D:5)
  2 bullfrog skeletons (D:5)
  2 jellies
  A centaur skeleton (D:4)
  An iguana (D:6)
  A killer bee zombie (D:7)
  Robin (D:4)
  15 gnolls
  9 adders
  A white imp (D:6)
  An ufetubus (D:4)
  2 adder skeletons (D:4)
  A worm (D:2)
  2 dart slugs
  16 orcs
  3 endoplasms
  3 giant cockroaches
  14 goblins
  7 hobgoblins
  6 jackals (D:1)
  9 kobolds
  7 ball pythons
  5 bats
  3 frilled lizards (D:1)
  7 rats
144 creatures vanquished.

Vanquished Creatures (collateral kills)
  An orc warrior (Bailey)
1 creature vanquished.

Vanquished Creatures (others)
  2 dancing weapons (Bailey)
2 creatures vanquished.

Grand Total: 147 creatures vanquished

Notes
Turn   | Place    | Note
-------+----------+-------------------------------------------
     0 | D:1      | 101zpm the Gnoll Air Elementalist began the quest for the
                  | Orb.
     0 | D:1      | Reached XP level 1. HP: 13/13 MP: 6/6
   346 | D:1      | Reached XP level 2. HP: 19/19 MP: 4/7
   454 | D:1      | Found a faded altar of an unknown god.
   595 | D:1      | Found Jerrem's Antique Armour Shop.
  1071 | D:2      | Reached XP level 3. HP: 25/25 MP: 6/9
  1099 | D:2      | Reached skill level 5 in Spellcasting
  1414 | D:2      | Reached skill level 1 in Invocations
  1425 | D:2      | Identified the +7 dagger "Vofor" {speed, rElec}
  1531 | D:2      | Reached skill level 1 in Fighting
  1531 | D:2      | Reached skill level 1 in Short Blades
  1531 | D:2      | Reached skill level 1 in Long Blades
  1531 | D:2      | Reached skill level 1 in Axes
  1531 | D:2      | Reached skill level 1 in Maces & Flails
  1531 | D:2      | Reached skill level 1 in Polearms
  1531 | D:2      | Reached skill level 1 in Staves
  1531 | D:2      | Reached skill level 1 in Slings
  1531 | D:2      | Reached skill level 1 in Bows
  1531 | D:2      | Reached skill level 1 in Crossbows
  1531 | D:2      | Reached skill level 1 in Throwing
  1531 | D:2      | Reached skill level 1 in Armour
  1531 | D:2      | Reached skill level 1 in Shields
  1531 | D:2      | Reached skill level 1 in Unarmed Combat
  1531 | D:2      | Reached skill level 1 in Evocations
  1718 | D:2      | Reached XP level 4. HP: 32/32 MP: 6/11
  2045 | D:4      | Learned a level 2 spell: Static Discharge
  2049 | D:4      | Learned a level 3 spell: Swiftness
  2054 | D:4      | Learned a level 4 spell: Airstrike
  2234 | D:4      | Reached skill level 1 in Hexes
  2234 | D:4      | Reached skill level 1 in Summonings
  2234 | D:4      | Reached skill level 1 in Necromancy
  2234 | D:4      | Reached skill level 1 in Translocations
  2234 | D:4      | Reached skill level 1 in Transmutations
  2234 | D:4      | Reached skill level 1 in Fire Magic
  2234 | D:4      | Reached skill level 1 in Ice Magic
  2234 | D:4      | Reached skill level 1 in Earth Magic
  2234 | D:4      | Reached skill level 1 in Poison Magic
  2467 | D:4      | Noticed Robin
  2469 | D:4      | Reached XP level 5. HP: 37/37 MP: 9/12
  2475 | D:4      | Killed Robin
  2579 | D:4      | Noticed a necrophage
  2581 | D:4      | Killed a necrophage
  2582 | D:4      | Reached XP level 6. HP: 44/44 MP: 4/13
  2944 | D:4      | Reached skill level 5 in Dodging
  3040 | D:4      | Noticed a black bear
  3052 | D:4      | Killed a black bear
  3287 | D:4      | Reached XP level 7. HP: 50/50 MP: 2/15
  3981 | D:4      | Found a staircase to the Ecumenical Temple.
  4471 | D:5      | Entered Level 5 of the Dungeon
  5150 | D:5      | Reached skill level 5 in Stealth
  5368 | D:5      | Found a shimmering altar of Xom.
  5564 | D:5      | Reached XP level 8. HP: 57/57 MP: 7/16
  6509 | D:6      | Found a sacrificial altar of Ru.
  6557 | D:6      | Noticed Menkaure
  6800 | D:6      | Killed Menkaure
  7052 | D:6      | Identified the +0 helmet of Lightning Storm {rN++}
  7087 | D:6      | Reached XP level 9. HP: 63/65 MP: 4/18
  8634 | D:8      | Found a staircase to the Lair.
  8634 | D:8      | Noticed an elephant
  8875 | D:8      | Found a flagged portal.
  9047 | D:8      | Learned a level 3 spell: Tukima's Dance
  9049 | D:8      | Learned a level 1 spell: Beastly Appendage
  9052 | D:8      | Learned a level 2 spell: Wereblood
  9053 | Bailey   | Entered a bailey
 10541 | Bailey   | Noticed an orc knight
 10589 | Bailey   | Demolished by an orc knight

Illustrated notes

Levels and vault maps discovered:
D:1:      lordsloth_arrival_two_stooges, layout_loops_ring,
          hellmonk_ecumenical_altar_blasted, serial_shops, shop
D:2:      layout_basic
D:3:      layout_basic, zin_statuary, uniq_natasha, uniq_ijyb
D:4:      layout_basic, minmay_temple_entry_nine_rooms,
          kennysheep_windowed_goal, uniq_robin
D:5:      wander_river, layout_loops_ring,
          mainiacjoe_overflow_concentric_impassable, st_stairs_1
D:6:      minmay_polygon_palace, layout_rooms, mainiacjoe_overflow_tiny_flanked,
          uniq_maggie, uniq_menkaure
D:7:      layout_gridville, kennysheep_dice
D:8:      layout_basic, david_lair_generic, enter_bailey_7
Bailey:   bailey_polearm_1, bailey

Skill      XL: |  1  2  3  4  5  6  7  8  9 |
---------------+----------------------------+-----
Conjurations   | 2 3 4 |  4.2
Spellcasting   | 5 6 |  6.7
Invocations    | 1 2 3 4 |  4.8
Fighting       | 1 2 3 4 |  4.3
Short Blades   | 1 2 3 4 |  4.3
Long Blades    | 1 2 3 4 |  4.3
Axes           | 1 2 3 4 |  4.3
Maces & Flails | 1 2 3 4 |  4.3
Polearms       | 1 2 3 4 |  4.3
Staves         | 1 2 3 4 |  4.3
Slings         | 1 2 3 4 |  4.3
Bows           | 1 2 3 4 |  4.3
Crossbows      | 1 2 3 4 |  4.3
Throwing       | 1 2 3 4 |  4.3
Armour         | 1 2 3 4 |  4.3
Shields        | 1 2 3 4 |  4.3
Unarmed Combat | 1 2 3 4 |  4.3
Evocations     | 1 2 3 4 |  4.3
Hexes          | 1 2 3 |  3.6
Summonings     | 1 2 3 |  3.6
Necromancy     | 1 2 3 |  3.6
Translocations | 1 2 3 |  3.6
Transmutations | 1 2 3 |  3.6
Fire Magic     | 1 2 3 |  3.6
Ice Magic      | 1 2 3 |  3.6
Earth Magic    | 1 2 3 |  3.6
Poison Magic   | 1 2 3 |  3.6
Dodging        | 5 6 |  6.4
Stealth        | 5 6 |  6.1
Air Magic      | 6 |  6.6

Action                   |  1- 3 |  4- 6 |  7- 9 || total
-------------------------+-------+-------+-------++-------
Melee: Dagger            |       |     4 |    54 ||    58
       Bite              |       |       |     7 ||     7
       Punch             |       |       |     2 ||     2
 Cast: Shock             |    71 |    26 |    21 ||   118
       Airstrike         |       |    18 |   110 ||   128
       Tukima's Dance    |       |       |     3 ||     3
       Swiftness         |       |       |     1 ||     1
Evoke: Wand              |       |       |     1 ||     1
  Use: Scroll            |       |       |     7 ||     7
 Stab: Sleeping          |       |       |     2 ||     2
Armor: Robe              |       |     2 |     9 ||    11
Dodge: Dodged            |     2 |    12 |    30 ||    44
